Canadiens vs Rangers

Created - April-12-13 at 17:48

Goals
1 2 3 T
Canadiens 1 0 0 1
Rangers 2 1 0 3
Shots
1 2 3 T
Canadiens 5 5 2 12
Rangers 9 5 18 32

1st period

1. Canadiens , Dennis Wideman 10 (Blake Wheeler, Travis Hamonic) at 0:32
2. Rangers , David Legwand 13 (Radim Vrbata, Mike Weaver) at 1:10
3. Rangers , Daniel Alfredsson 25 (Ilya Kovalchuk, Stephane Robidas) at 15:29 (PP)

Penalties :
Mason Raymond (MTL) for Tripping (Minor) at 1:18, Derek Morris (MTL) for Slashing (Minor) at 14:23, Blake Wheeler (MTL) for Delaying the game (Minor) at 18:44

2nd period

4. Rangers , Ilya Kovalchuk 42 (Alex Goligoski, Daniel Alfredsson) at 0:10 (PP)

Penalties :
Radim Vrbata (NYR) for Hooking (Minor) at 1:32, Derek Morris (MTL) for High sticking (Minor) at 3:48, Daniel Alfredsson (NYR) for Tripping (Minor) at 9:59, Derek Morris (MTL) for Hooking (Minor) at 15:00

3rd period

No Goal

Penalties :
Dennis Wideman (MTL) for Cross-checking (Minor) at 9:00, Logan Couture (MTL) for Interference (Minor) at 10:11

Goalie Stats

Cam Ward (MTL), 29 saves from 32 shots - (0.906), L, 39-25-4, 60:00 minutes
Tomas Vokoun (NYR), 11 saves from 12 shots - (0.917), W, 42-25-6, 60:00 minutes

Players Stats for Canadiens

Player Name              G  A  P  +/- PIM S  H  SB GA TA FO     MP     PP MP  PK MP  
------------------------------------------------------------------------------------
Alec Martinez            0  0  0   0  0   0  0  2  0  0  0/0     7:49   0:40   2:56 
Andrei Kostitsyn         0  0  0   0  0   2  3  0  0  0  1/4    13:40   0:40   0:00 
Andy McDonald            0  0  0  -1  0   0  0  0  0  0  0/2    12:21   0:00   0:00 
Blake Wheeler            0  1  1   1  2   1  1  0  0  0  0/1    15:25   2:33   0:00 
Boyd Gordon              0  0  0   0  0   0  0  0  0  0  8/9    11:36   0:40   4:47 
Brad Richards            0  0  0   1  0   3  1  0  0  0  10/19  15:27   2:33   0:01 
Dennis Wideman           1  0  1   1  2   1  1  0  0  0  0/0    16:05   1:14   0:00 
Derek Morris             0  0  0   0  6   0  4  1  0  0  0/0    16:49   0:40   3:10 
Dustin Byfuglien         0  0  0  -1  0   0  3  0  0  0  0/0    14:20   2:04   0:00 
John Mitchell            0  0  0   0  0   0  1  0  0  0  0/0     6:09   0:00   0:00 
Jonathan Toews           0  0  0  -1  0   1  0  1  0  0  14/28  20:21   0:45   7:15 
Jordan Eberle            0  0  0  -1  0   0  1  0  0  0  0/0    19:15   0:45   0:00 
Kevin Klein              0  0  0   0  0   1  2  0  0  0  0/0    18:51   0:00   5:49 
Logan Couture            0  0  0   1  2   1  0  0  0  0  0/0    21:37   2:33   6:11 
Marc-Edouard Vlasic      0  0  0  -1  0   1  1  0  0  0  0/0    24:06   2:04   5:33 
Mason Raymond            0  0  0   0  2   0  0  0  0  0  1/2    12:59   0:00   0:00 
Pavel Datsyuk            0  0  0   0  0   1  1  0  0  0  6/8    18:40   1:25   4:15 
Travis Hamonic           0  1  1   1  0   0  4  2  0  0  0/0    21:56   1:14   5:50 

Players Stats for Rangers

Player Name              G  A  P  +/- PIM S  H  SB GA TA FO     MP     PP MP  PK MP  
------------------------------------------------------------------------------------
Alex Goligoski           0  1  1   0  0   2  0  0  0  0  0/0    19:18   6:24   0:00 
Bryan Allen              0  0  0   0  0   0  6  1  0  0  0/0    15:06   0:00   2:12 
Chris Kunitz             0  0  0   0  0   0  3  0  0  0  0/0    10:48   0:00   0:00 
Dan Girardi              0  0  0   1  0   1  1  1  0  0  0/0    21:08   5:15   1:46 
Daniel Alfredsson        1  1  2  -1  2   2  1  0  0  0  0/1    20:42   5:55   0:00 
David Legwand            1  0  1   1  0   4  1  0  0  0  11/17  13:10   0:00   0:00 
Francois Beauchemin      0  0  0  -1  0   2  0  1  0  0  0/0    25:32   6:24   1:46 
Frans Nielsen            0  0  0   0  0   0  0  0  0  0  2/6     6:13   0:00   0:36 
Ilya Kovalchuk           1  1  2  -1  0   8  0  0  0  0  0/1    20:43   5:55   0:00 
Jim Slater               0  0  0   0  0   0  1  0  0  0  2/2     8:59   0:00   3:22 
Jiri Hudler              0  0  0   0  0   0  0  0  0  0  1/2    10:48   0:00   0:00 
Matt Read                0  0  0   0  0   3  2  1  0  0  6/19   17:19   5:55   0:36 
Mike Weaver              0  1  1   1  0   0  0  1  0  0  0/0    16:19   0:00   2:12 
Radim Vrbata             0  1  1   1  2   3  6  0  0  0  0/0    18:53   5:44   0:00 
Stephane Robidas         0  1  1  -1  0   1  2  2  0  0  0/0    22:37   5:15   0:00 
Travis Moen              0  0  0   0  0   0  0  0  0  0  0/0     8:59   0:00   3:22 
Tyler Ennis              0  0  0  -1  0   3  2  1  0  0  10/23  20:32   5:44   0:00 
Vinny Prospal            0  0  0   1  0   3  0  0  0  0  1/2    18:54   5:44   0:00 

3 Stars

1 - David Legwand (NYR)
2 - Travis Hamonic (MTL)
3 - Ilya Kovalchuk (NYR)

Power Play

Canadiens - 0 on 2 Attempt(s) - 0.00%
Rangers - 2 on 7 Attempt(s) - 28.57%

Penalty Kill

Canadiens - 5 on 7 Attempt(s) - 71.43% - Score 0 goal in Penalty Kill
Rangers - 2 on 2 Attempt(s) - 100.00% - Score 0 goal in Penalty Kill

Official

Referees : Francis Charron and Kelly Sutherland
Linesman : Bryan Pancich and Tony Sericolo

Game Notes

No Game Note

Finance

Level 1 -- Attendance: 4467 (68.72%) -- Ticket Income $558,375
Level 2 -- Attendance: 4774 (95.48%) -- Ticket Income $358,050
Level 3 -- Attendance: 3297 (94.20%) -- Ticket Income $164,850
Level 4 -- Attendance: 2200 (100.00%) -- Ticket Income $55,000
Luxury Box -- Attendance: 961 (96.10%) -- Ticket Income $240,250
Game was played at the Madison Square Garden
Total Attendance: 15699 (86.26%)
Total Ticket Income: $1,376,525
Other Income: $206,479
Total Income: $1,583,004


% Time on Ice - Canadiens

Lines # - Real PCT - Wanted PCT - Time Play
Normal Forward
1 - 29% - 30% - 12:53
2 - 28% - 30% - 12:21
3 - 29% - 30% - 13:00
4 - 14% - 10% - 6:09
Normal Defense
1 - 33% - 30% - 14:52
2 - 28% - 30% - 12:16
3 - 29% - 25% - 13:02
4 - 10% - 15% - 4:13
PP Forward
1 - 64% - 50% - 2:33
2 - 36% - 50% - 1:25
PP Defense
1 - 48% - 50% - 1:54
2 - 52% - 50% - 2:04
PK Forward
1 - 71% - 60% - 7:43
2 - 29% - 40% - 3:08
PK Defense
1 - 51% - 60% - 5:32
2 - 49% - 40% - 5:19
PK3 Forward
1 - 100% - 60% - 0:48
2 - 0% - 40% - 0:00
PK3 Defense
1 - 38% - 60% - 0:18
2 - 63% - 40% - 0:30
44 Forward
1 - 0% - 60%
2 - 0% - 40%
44 Defense
1 - 0% - 60%
2 - 0% - 40%
Last Minute Offensive  - 0:00
Last Minute Defensive  - 0:00
Total
Forward - 60:00
Defense - 60:00

% Time on Ice - Rangers

Lines # - Real PCT - Wanted PCT - Time Play
Normal Forward
1 - 33% - 40% - 14:48
2 - 30% - 32% - 13:10
3 - 24% - 23% - 10:48
4 - 13% - 5% - 5:37
Normal Defense
1 - 39% - 40% - 17:12
2 - 32% - 30% - 14:07
3 - 29% - 20% - 12:54
4 - 0% - 10% - 0:10
PP Forward
1 - 51% - 60% - 5:55
2 - 49% - 40% - 5:44
PP Defense
1 - 55% - 60% - 6:24
2 - 45% - 40% - 5:15
PK Forward
1 - 85% - 60% - 3:22
2 - 15% - 40% - 0:36
PK Defense
1 - 45% - 60% - 1:46
2 - 55% - 40% - 2:12
PK3 Forward
1 - 0% - 60%
2 - 0% - 40%
PK3 Defense
1 - 0% - 60%
2 - 0% - 40%
44 Forward
1 - 0% - 60%
2 - 0% - 40%
44 Defense
1 - 0% - 60%
2 - 0% - 40%
Last Minute Offensive  - 0:00
Last Minute Defensive  - 0:00
Total
Forward - 60:00
Defense - 60:00

Play by Play

1st period


0:01 of 1st period - Brad Richards wins face-off versus Tyler Ennis in neutral zone.
0:10 of 1st period - Shot by Blake Wheeler.
0:10 of 1st period - Shot Blocked by Tyler Ennis.
0:30 of 1st period - Shot by Blake Wheeler.
0:30 of 1st period - Shot Misses the Net.
0:32 of 1st period - Shot by Dennis Wideman.
0:32 of 1st period - Goal by Dennis Wideman - Canadiens : 1 - Rangers : 0.
0:33 of 1st period - David Legwand wins face-off versus Jonathan Toews in neutral zone.
1:00 of 1st period - Shot by Radim Vrbata.
1:00 of 1st period - Shot Misses the Net.
1:08 of 1st period - Shot by Radim Vrbata.
1:08 of 1st period - Shot Misses the Net.
1:10 of 1st period - Shot by David Legwand.
1:10 of 1st period - Goal by David Legwand - Canadiens : 1 - Rangers : 1.
1:11 of 1st period - Pavel Datsyuk wins face-off versus Matt Read in neutral zone.
1:14 of 1st period - Shot by Andrei Kostitsyn.
1:14 of 1st period - Stopped by Tomas Vokoun without a rebound.
1:15 of 1st period - Matt Read wins face-off versus Andrei Kostitsyn in Rangers zone.
1:15 of 1st period - Matt Read is hit by Pavel Datsyuk.
1:18 of 1st period - Minor Penalty to Mason Raymond for Tripping.
1:19 of 1st period - Matt Read wins face-off versus Jonathan Toews in Canadiens zone.
1:27 of 1st period - Shot by Ilya Kovalchuk.
1:27 of 1st period - Stopped by Cam Ward with a rebound.
1:29 of 1st period - Shot by Ilya Kovalchuk.
1:29 of 1st period - Stopped by Cam Ward without a rebound.
1:30 of 1st period - Jonathan Toews wins face-off versus Tyler Ennis in Canadiens zone.
2:12 of 1st period - Shot by Alex Goligoski.
2:12 of 1st period - Stopped by Cam Ward with a rebound.
2:14 of 1st period - Shot by Vinny Prospal.
2:14 of 1st period - Stopped by Cam Ward without a rebound.
2:15 of 1st period - Jonathan Toews wins face-off versus Matt Read in Canadiens zone.
2:43 of 1st period - Icing by Dan Girardi.
2:44 of 1st period - Boyd Gordon wins face-off versus Matt Read in Rangers zone.
3:22 of 1st period - Shot by Andrei Kostitsyn.
3:22 of 1st period - Stopped by Tomas Vokoun without a rebound.
3:23 of 1st period - David Legwand wins face-off versus Boyd Gordon in Rangers zone.
3:23 of 1st period - David Legwand is hit by John Mitchell.
3:52 of 1st period - Icing by Derek Morris.
3:53 of 1st period - Boyd Gordon wins face-off versus Frans Nielsen in Canadiens zone.
3:53 of 1st period - Boyd Gordon is hit by Jim Slater.
5:09 of 1st period - Shot by Ilya Kovalchuk.
5:09 of 1st period - Deflect By Daniel Alfredsson.
5:09 of 1st period - Shot Blocked by Derek Morris.
5:11 of 1st period - Shot by Tyler Ennis.
5:11 of 1st period - Stopped by Cam Ward with a rebound.
5:21 of 1st period - Shot by Tyler Ennis.
5:21 of 1st period - Shot Misses the Net.
5:25 of 1st period - Shot by Ilya Kovalchuk.
5:25 of 1st period - Shot Misses the Net.
5:56 of 1st period - Boyd Gordon is hit by Bryan Allen and loses puck.
6:24 of 1st period - Icing by Travis Hamonic.
6:25 of 1st period - Pavel Datsyuk wins face-off versus David Legwand in Canadiens zone.
6:25 of 1st period - Pavel Datsyuk is hit by Radim Vrbata.
6:31 of 1st period - Shot by Mason Raymond.
6:31 of 1st period - Shot Misses the Net.
7:05 of 1st period - Stephane Robidas is hit by Andrei Kostitsyn and loses puck.
7:25 of 1st period - Blake Wheeler is hit by Matt Read and loses puck.
7:29 of 1st period - Blake Wheeler is hit by Bryan Allen and loses puck.
7:39 of 1st period - Icing by Chris Kunitz.
7:40 of 1st period - Brad Richards wins face-off versus Matt Read in Rangers zone.
7:46 of 1st period - Chris Kunitz is hit by Marc-Edouard Vlasic and loses puck.
8:24 of 1st period - Marc-Edouard Vlasic is hit by Bryan Allen and loses puck.
8:34 of 1st period - Off-side.
8:35 of 1st period - Tyler Ennis wins face-off versus Pavel Datsyuk in neutral zone.
8:37 of 1st period - Dan Girardi is hit by Dennis Wideman and loses puck.
8:58 of 1st period - Shot by Pavel Datsyuk.
8:58 of 1st period - Stopped by Tomas Vokoun without a rebound.
8:59 of 1st period - David Legwand wins face-off versus Jonathan Toews in Rangers zone.
8:59 of 1st period - David Legwand is hit by Jordan Eberle.
11:13 of 1st period - Matt Read is hit by Derek Morris and loses puck.
11:50 of 1st period - Shot by David Legwand.
11:50 of 1st period - Shot Misses the Net.
11:52 of 1st period - Shot by Francois Beauchemin.
11:52 of 1st period - Stopped by Cam Ward without a rebound.
11:53 of 1st period - Pavel Datsyuk wins face-off versus Frans Nielsen in Canadiens zone.
13:13 of 1st period - Shot by Brad Richards.
13:13 of 1st period - Shot Misses the Net.
13:31 of 1st period - Shot by Ilya Kovalchuk.
13:31 of 1st period - Stopped by Cam Ward with a rebound.
14:02 of 1st period - Jonathan Toews is hit by Bryan Allen and loses puck.
14:13 of 1st period - Icing by Derek Morris.
14:14 of 1st period - Jonathan Toews wins face-off versus Matt Read in Canadiens zone.
14:14 of 1st period - Jonathan Toews is hit by Chris Kunitz.
14:23 of 1st period - Minor Penalty to Derek Morris for Slashing.
14:24 of 1st period - Jonathan Toews wins face-off versus Tyler Ennis in Canadiens zone.
14:24 of 1st period - Jonathan Toews is hit by Radim Vrbata.
14:56 of 1st period - Off-side.
14:57 of 1st period - Jonathan Toews wins face-off versus Ilya Kovalchuk in neutral zone.
15:29 of 1st period - Shot by Daniel Alfredsson.
15:29 of 1st period - Goal by Daniel Alfredsson - Canadiens : 1 - Rangers : 2.
15:30 of 1st period - Pavel Datsyuk wins face-off versus David Legwand in neutral zone.
16:00 of 1st period - Icing by Radim Vrbata.
16:01 of 1st period - Boyd Gordon wins face-off versus Vinny Prospal in Rangers zone.
16:02 of 1st period - Shot by Jordan Eberle.
16:02 of 1st period - Shot Blocked by Bryan Allen.
16:11 of 1st period - Icing by Bryan Allen.
16:12 of 1st period - David Legwand wins face-off versus Brad Richards in Rangers zone.
16:20 of 1st period - Radim Vrbata is hit by Dustin Byfuglien and loses puck.
18:12 of 1st period - Shot by Chris Kunitz.
18:12 of 1st period - Shot Misses the Net.
18:20 of 1st period - Shot by Andy McDonald.
18:20 of 1st period - Shot Misses the Net.
18:22 of 1st period - Shot by Derek Morris.
18:22 of 1st period - Shot Misses the Net.
18:24 of 1st period - Shot by Jordan Eberle.
18:24 of 1st period - Shot Misses the Net.
18:26 of 1st period - Shot by Kevin Klein.
18:26 of 1st period - Stopped by Tomas Vokoun without a rebound.
18:27 of 1st period - Brad Richards wins face-off versus Frans Nielsen in Rangers zone.
18:44 of 1st period - Minor Penalty to Blake Wheeler for Delaying the game.
18:45 of 1st period - Tyler Ennis wins face-off versus Jonathan Toews in Canadiens zone.
18:56 of 1st period - Shot by Francois Beauchemin.
18:56 of 1st period - Shot Misses the Net.

2nd period


0:01 of 2nd period - Matt Read wins face-off versus Jonathan Toews in neutral zone.
0:04 of 2nd period - Shot by Daniel Alfredsson.
0:04 of 2nd period - Shot Misses the Net.
0:06 of 2nd period - Shot by Daniel Alfredsson.
0:06 of 2nd period - Shot Misses the Net.
0:08 of 2nd period - Shot by Alex Goligoski.
0:08 of 2nd period - Shot Misses the Net.
0:10 of 2nd period - Shot by Ilya Kovalchuk.
0:10 of 2nd period - Goal by Ilya Kovalchuk - Canadiens : 1 - Rangers : 3.
0:11 of 2nd period - Jonathan Toews wins face-off versus Tyler Ennis in neutral zone.
0:21 of 2nd period - Ilya Kovalchuk is hit by Dustin Byfuglien.
0:49 of 2nd period - Shot by Daniel Alfredsson.
0:49 of 2nd period - Shot Misses the Net.
0:51 of 2nd period - Shot by Daniel Alfredsson.
0:51 of 2nd period - Shot Blocked by Jonathan Toews.
1:16 of 2nd period - Icing by Vinny Prospal.
1:17 of 2nd period - David Legwand wins face-off versus Andrei Kostitsyn in Rangers zone.
1:17 of 2nd period - David Legwand is hit by Andrei Kostitsyn.
1:20 of 2nd period - Icing by Radim Vrbata.
1:21 of 2nd period - Vinny Prospal wins face-off versus Brad Richards in Rangers zone.
1:32 of 2nd period - Minor Penalty to Radim Vrbata for Hooking.
1:33 of 2nd period - Jim Slater wins face-off versus Blake Wheeler in Rangers zone.
1:50 of 2nd period - Travis Moen is hit by Travis Hamonic and loses puck.
3:06 of 2nd period - Off-side.
3:07 of 2nd period - Brad Richards wins face-off versus Frans Nielsen in neutral zone.
3:48 of 2nd period - Minor Penalty to Derek Morris for High sticking.
3:49 of 2nd period - Jonathan Toews wins face-off versus Tyler Ennis in Canadiens zone.
4:42 of 2nd period - Icing by Alex Goligoski.
4:43 of 2nd period - Boyd Gordon wins face-off versus Matt Read in Rangers zone.
4:55 of 2nd period - Francois Beauchemin is hit by Kevin Klein and loses puck.
4:58 of 2nd period - Shot by Matt Read.
4:58 of 2nd period - Shot Blocked by Alec Martinez.
5:10 of 2nd period - Shot by Ilya Kovalchuk.
5:10 of 2nd period - Deflect By Daniel Alfredsson.
5:10 of 2nd period - Shot Misses the Net.
5:12 of 2nd period - Shot by Matt Read.
5:12 of 2nd period - Shot Misses the Net.
6:12 of 2nd period - Shot by Jonathan Toews.
6:12 of 2nd period - Stopped by Tomas Vokoun without a rebound.
6:13 of 2nd period - Pavel Datsyuk wins face-off versus David Legwand in Rangers zone.
6:52 of 2nd period - Off-side.
6:53 of 2nd period - Tyler Ennis wins face-off versus Brad Richards in neutral zone.
7:05 of 2nd period - Icing by Marc-Edouard Vlasic.
7:06 of 2nd period - Brad Richards wins face-off versus Matt Read in Canadiens zone.
7:26 of 2nd period - Off-side.
7:27 of 2nd period - Tyler Ennis wins face-off versus Jonathan Toews in neutral zone.
7:30 of 2nd period - Shot by Stephane Robidas.
7:30 of 2nd period - Stopped by Cam Ward without a rebound.
7:31 of 2nd period - Jonathan Toews wins face-off versus Tyler Ennis in Canadiens zone.
8:10 of 2nd period - Dennis Wideman is hit by Daniel Alfredsson and loses puck.
8:40 of 2nd period - Icing by Dennis Wideman.
8:41 of 2nd period - Jiri Hudler wins face-off versus Andy McDonald in Canadiens zone.
8:42 of 2nd period - Shot by Chris Kunitz.
8:42 of 2nd period - Shot Blocked by Travis Hamonic.
9:20 of 2nd period - Shot by Jiri Hudler.
9:20 of 2nd period - Deflect By Chris Kunitz.
9:20 of 2nd period - Shot Blocked by Travis Hamonic.
9:51 of 2nd period - Shot by David Legwand.
9:51 of 2nd period - Stopped by Cam Ward without a rebound.
9:52 of 2nd period - Brad Richards wins face-off versus Tyler Ennis in Canadiens zone.
9:52 of 2nd period - Brad Richards is hit by Tyler Ennis.
9:59 of 2nd period - Minor Penalty to Daniel Alfredsson for Tripping.
10:00 of 2nd period - Jim Slater wins face-off versus Brad Richards in Rangers zone.
10:11 of 2nd period - Shot by Brad Richards.
10:11 of 2nd period - Shot Blocked by Francois Beauchemin.
10:15 of 2nd period - Shot by Marc-Edouard Vlasic.
10:15 of 2nd period - Stopped by Tomas Vokoun with a rebound.
10:17 of 2nd period - Shot by Brad Richards.
10:17 of 2nd period - Shot Misses the Net.
10:27 of 2nd period - Shot by Brad Richards.
10:27 of 2nd period - Stopped by Tomas Vokoun with a rebound.
10:29 of 2nd period - Shot by Dustin Byfuglien.
10:29 of 2nd period - Shot Misses the Net.
10:31 of 2nd period - Shot by Brad Richards.
10:31 of 2nd period - Shot Misses the Net.
10:45 of 2nd period - Shot by Marc-Edouard Vlasic.
10:45 of 2nd period - Deflect By Blake Wheeler.
10:45 of 2nd period - Stopped by Tomas Vokoun without a rebound.
10:46 of 2nd period - Frans Nielsen wins face-off versus Brad Richards in Rangers zone.
10:58 of 2nd period - Shot by Marc-Edouard Vlasic.
10:58 of 2nd period - Shot Misses the Net.
11:44 of 2nd period - Shot by Derek Morris.
11:44 of 2nd period - Shot Misses the Net.
12:17 of 2nd period - Icing by Kevin Klein.
12:18 of 2nd period - Mason Raymond wins face-off versus David Legwand in Canadiens zone.
12:57 of 2nd period - Jordan Eberle is hit by Stephane Robidas and loses puck.
13:32 of 2nd period - Icing by John Mitchell.
13:33 of 2nd period - Boyd Gordon wins face-off versus Matt Read in Canadiens zone.
13:52 of 2nd period - Shot by Brad Richards.
13:52 of 2nd period - Stopped by Tomas Vokoun without a rebound.
13:53 of 2nd period - Brad Richards wins face-off versus Tyler Ennis in Rangers zone.
14:27 of 2nd period - Shot by Daniel Alfredsson.
14:27 of 2nd period - Deflect By Ilya Kovalchuk.
14:27 of 2nd period - Stopped by Cam Ward without a rebound.
14:28 of 2nd period - David Legwand wins face-off versus Mason Raymond in Canadiens zone.
14:41 of 2nd period - Shot by Radim Vrbata.
14:41 of 2nd period - Deflect By David Legwand.
14:41 of 2nd period - Stopped by Cam Ward with a rebound.
14:43 of 2nd period - Shot by Vinny Prospal.
14:43 of 2nd period - Shot Misses the Net.
15:00 of 2nd period - Minor Penalty to Derek Morris for Hooking.
15:01 of 2nd period - Matt Read wins face-off versus Jonathan Toews in Canadiens zone.
15:42 of 2nd period - Shot by Francois Beauchemin.
15:42 of 2nd period - Shot Misses the Net.
15:44 of 2nd period - Shot by Alex Goligoski.
15:44 of 2nd period - Shot Misses the Net.
16:48 of 2nd period - Shot by Daniel Alfredsson.
16:48 of 2nd period - Shot Misses the Net.
16:50 of 2nd period - Shot by Ilya Kovalchuk.
16:50 of 2nd period - Deflect By Matt Read.
16:50 of 2nd period - Shot Misses the Net.
18:06 of 2nd period - Icing by Dennis Wideman.
18:07 of 2nd period - Boyd Gordon wins face-off versus David Legwand in Canadiens zone.
18:29 of 2nd period - David Legwand is hit by Travis Hamonic and loses puck.
19:21 of 2nd period - Dennis Wideman is hit by Bryan Allen and loses puck.

3rd period


0:01 of 3rd period - Brad Richards wins face-off versus Tyler Ennis in neutral zone.
0:12 of 3rd period - Shot by Logan Couture.
0:12 of 3rd period - Stopped by Tomas Vokoun without a rebound.
0:13 of 3rd period - David Legwand wins face-off versus Andy McDonald in Rangers zone.
0:22 of 3rd period - Kevin Klein is hit by Radim Vrbata and loses puck.
0:46 of 3rd period - Jonathan Toews is hit by Dan Girardi and loses puck.
0:56 of 3rd period - David Legwand is hit by Kevin Klein and loses puck.
1:33 of 3rd period - Shot by Tyler Ennis.
1:33 of 3rd period - Stopped by Cam Ward without a rebound.
1:34 of 3rd period - Andrei Kostitsyn wins face-off versus Matt Read in Canadiens zone.
1:41 of 3rd period - Pavel Datsyuk is hit by Matt Read and loses puck.
1:57 of 3rd period - Off-side.
1:58 of 3rd period - Tyler Ennis wins face-off versus Brad Richards in neutral zone.
1:58 of 3rd period - Ilya Kovalchuk is hit by Brad Richards and loses puck.
2:14 of 3rd period - Shot by Francois Beauchemin.
2:14 of 3rd period - Stopped by Cam Ward without a rebound.
2:15 of 3rd period - Jonathan Toews wins face-off versus Matt Read in Canadiens zone.
2:22 of 3rd period - Icing by Alex Goligoski.
2:23 of 3rd period - Brad Richards wins face-off versus Matt Read in Rangers zone.
2:52 of 3rd period - Brad Richards is hit by Chris Kunitz and loses puck.
2:57 of 3rd period - Shot by Jiri Hudler.
2:57 of 3rd period - Shot Misses the Net.
3:01 of 3rd period - Shot by Matt Read.
3:01 of 3rd period - Shot Misses the Net.
3:05 of 3rd period - Shot by Matt Read.
3:05 of 3rd period - Stopped by Cam Ward without a rebound.
3:06 of 3rd period - Tyler Ennis wins face-off versus Jonathan Toews in Canadiens zone.
3:13 of 3rd period - Shot by Ilya Kovalchuk.
3:13 of 3rd period - Stopped by Cam Ward without a rebound.
3:14 of 3rd period - Jonathan Toews wins face-off versus Tyler Ennis in Canadiens zone.
3:26 of 3rd period - Kevin Klein is hit by Tyler Ennis and loses puck.
3:41 of 3rd period - Shot by Jordan Eberle.
3:41 of 3rd period - Shot Misses the Net.
3:48 of 3rd period - Shot by Ilya Kovalchuk.
3:48 of 3rd period - Stopped by Cam Ward without a rebound.
3:49 of 3rd period - David Legwand wins face-off versus Brad Richards in Canadiens zone.
3:58 of 3rd period - Shot by David Legwand.
3:58 of 3rd period - Stopped by Cam Ward without a rebound.
3:59 of 3rd period - Matt Read wins face-off versus Andrei Kostitsyn in Canadiens zone.
5:04 of 3rd period - Brad Richards is hit by Stephane Robidas and loses puck.
5:08 of 3rd period - Icing by Stephane Robidas.
5:09 of 3rd period - Jonathan Toews wins face-off versus Tyler Ennis in Rangers zone.
5:41 of 3rd period - Shot by Ilya Kovalchuk.
5:41 of 3rd period - Stopped by Cam Ward without a rebound.
5:42 of 3rd period - David Legwand wins face-off versus Brad Richards in Canadiens zone.
6:22 of 3rd period - Icing by Marc-Edouard Vlasic.
6:23 of 3rd period - Brad Richards wins face-off versus Tyler Ennis in Canadiens zone.
6:34 of 3rd period - Shot by Blake Wheeler.
6:34 of 3rd period - Shot Blocked by Stephane Robidas.
7:32 of 3rd period - Shot by Matt Read.
7:32 of 3rd period - Stopped by Cam Ward without a rebound.
7:33 of 3rd period - David Legwand wins face-off versus Jonathan Toews in Canadiens zone.
7:34 of 3rd period - Shot by Vinny Prospal.
7:34 of 3rd period - Stopped by Cam Ward without a rebound.
7:35 of 3rd period - David Legwand wins face-off versus Jonathan Toews in Canadiens zone.
7:38 of 3rd period - Shot by Radim Vrbata.
7:38 of 3rd period - Stopped by Cam Ward with a rebound.
7:53 of 3rd period - Icing by Marc-Edouard Vlasic.
7:54 of 3rd period - Jonathan Toews wins face-off versus Jiri Hudler in Canadiens zone.
8:00 of 3rd period - Shot by Marc-Edouard Vlasic.
8:00 of 3rd period - Shot Misses the Net.
8:02 of 3rd period - Shot by Jonathan Toews.
8:02 of 3rd period - Shot Blocked by Matt Read.
8:56 of 3rd period - Daniel Alfredsson is hit by Travis Hamonic and loses puck.
9:00 of 3rd period - Minor Penalty to Dennis Wideman for Cross-checking.
9:01 of 3rd period - Tyler Ennis wins face-off versus Jonathan Toews in Canadiens zone.
9:23 of 3rd period - Off-side.
9:24 of 3rd period - Jonathan Toews wins face-off versus Daniel Alfredsson in neutral zone.
9:51 of 3rd period - Icing by Matt Read.
9:52 of 3rd period - Matt Read wins face-off versus Jonathan Toews in Rangers zone.
9:52 of 3rd period - Matt Read is hit by Travis Hamonic.
9:58 of 3rd period - Shot by Alex Goligoski.
9:58 of 3rd period - Stopped by Cam Ward with a rebound.
10:11 of 3rd period - Minor Penalty to Logan Couture for Interference.
10:12 of 3rd period - Boyd Gordon wins face-off versus Tyler Ennis in Canadiens zone.
10:12 of 3rd period - Boyd Gordon is hit by Radim Vrbata.
10:18 of 3rd period - Stephane Robidas is hit by Derek Morris and loses puck.
10:41 of 3rd period - Shot by Radim Vrbata.
10:41 of 3rd period - Stopped by Cam Ward without a rebound.
10:42 of 3rd period - Boyd Gordon wins face-off versus Matt Read in Canadiens zone.
10:57 of 3rd period - Shot by Matt Read.
10:57 of 3rd period - Shot Misses the Net.
10:59 of 3rd period - Shot by Alex Goligoski.
10:59 of 3rd period - Shot Blocked by Alec Martinez.
11:12 of 3rd period - Matt Read is hit by Derek Morris and loses puck.
11:38 of 3rd period - Tyler Ennis is hit by Derek Morris and loses puck.
11:45 of 3rd period - Shot by Dan Girardi.
11:45 of 3rd period - Stopped by Cam Ward without a rebound.
11:46 of 3rd period - Tyler Ennis wins face-off versus Jonathan Toews in Canadiens zone.
11:53 of 3rd period - Shot by Tyler Ennis.
11:53 of 3rd period - Stopped by Cam Ward without a rebound.
11:54 of 3rd period - Tyler Ennis wins face-off versus Jonathan Toews in Canadiens zone.
12:03 of 3rd period - Shot by Radim Vrbata.
12:03 of 3rd period - Stopped by Cam Ward with a rebound.
12:28 of 3rd period - Frans Nielsen is hit by Dustin Byfuglien and loses puck.
13:00 of 3rd period - Jim Slater is hit by Blake Wheeler and loses puck.
13:36 of 3rd period - Shot by Andrei Kostitsyn.
13:36 of 3rd period - Shot Blocked by Stephane Robidas.
14:08 of 3rd period - Radim Vrbata is hit by Andrei Kostitsyn and loses puck.
14:19 of 3rd period - Pavel Datsyuk is hit by Radim Vrbata and loses puck.
14:28 of 3rd period - Shot by Vinny Prospal.
14:28 of 3rd period - Stopped by Cam Ward without a rebound.
14:29 of 3rd period - Jonathan Toews wins face-off versus Matt Read in Canadiens zone.
15:38 of 3rd period - Shot by Brad Richards.
15:38 of 3rd period - Deflect By Logan Couture.
15:38 of 3rd period - Shot Blocked by Mike Weaver.
15:40 of 3rd period - Shot by Brad Richards.
15:40 of 3rd period - Stopped by Tomas Vokoun without a rebound.
15:41 of 3rd period - Tyler Ennis wins face-off versus Brad Richards in Rangers zone.
16:04 of 3rd period - Shot by Daniel Alfredsson.
16:04 of 3rd period - Stopped by Cam Ward without a rebound.
16:05 of 3rd period - Pavel Datsyuk wins face-off versus David Legwand in Canadiens zone.
16:05 of 3rd period - Pavel Datsyuk is hit by David Legwand.
16:11 of 3rd period - Kevin Klein is hit by Radim Vrbata and loses puck.
16:23 of 3rd period - Kevin Klein is hit by Bryan Allen and loses puck.
16:40 of 3rd period - Shot by Andrei Kostitsyn.
16:40 of 3rd period - Shot Misses the Net.
17:15 of 3rd period - Shot by Andy McDonald.
17:15 of 3rd period - Shot Misses the Net.
18:22 of 3rd period - Shot by Marc-Edouard Vlasic.
18:22 of 3rd period - Shot Blocked by Dan Girardi.
18:28 of 3rd period - Logan Couture is hit by Chris Kunitz and loses puck.
18:47 of 3rd period - Shot by Matt Read.
18:47 of 3rd period - Stopped by Cam Ward without a rebound.
18:48 of 3rd period - Frans Nielsen wins face-off versus Pavel Datsyuk in Canadiens zone.


Output by the SimonT Hockey Simulator (STHS) for Stephane Roy -- Original Page W3C XHTML 1.0 Valid
Hockey Simulator - Hockey Simulation - Hockey Manager